 Dungeon Crawl Stone Soup version 0.30-a0-341-g682706514a (webtiles) character file.

Game seed: 3614696786585396884

8129 ragingrage the Carver (level 11, -2/68 HPs)
             Began as a Mummy Wanderer on Nov 2, 2022.
             Was an Elder of Okawaru.
             Slain by a yak (14 damage)
             ... on level 11 of the Dungeon.
             The game lasted 00:21:31 (11400 turns).

ragingrage the Carver (Mummy Wanderer)             Turns: 11400, Time: 00:21:32

Health: -2/68      AC:  5    Str: 14    XL:     11   Next: 5%
Magic:  14/15      EV: 12    Int: 10    God:    Okawaru [****..]
Gold:   2549       SH:  0    Dex: 29    Spells: 11/12 levels left

rFire   . . .      SeeInvis .    a - +4 long sword (elec)
rCold   . . .      Faith    +    o - orb {light}
rNeg    + + +      Spirit   .    B - +0 leather armour of Usoc Qim {Dex+4}
rPois   ∞          Reflect  .    j - +0 hat
rElec   .          Harm     .    z - +0 cloak
rCorr   .          Rampage  .    h - +0 pair of gloves
Will    +....                    (no boots)
Stlth   +.........               k - amulet of the acrobat
HPRegen 0.31/turn                y - ring of fire
MPRegen 0.14/turn                t - +6 ring of dexterity

@: glowing
A: cold resistance 1, negative energy resistance 3, torment resistance 2, heat
vulnerability 1, in touch with death 1, no potions, faith
a: Renounce Religion, Heroism, Finesse


You were on level 11 of the Dungeon.
You worshipped Okawaru.
Okawaru was greatly pleased with you.
You visited 2 branches of the dungeon, and saw 12 of its levels.
You also visited: Ossuary and Bailey.

You collected 2942 gold pieces.
You spent 393 gold pieces at shops.

Inventory:

Hand Weapons
 a - a +4 long sword of electrocution (weapon)
 s - a +4 trident of freezing
 C - a +2 long sword of draining
 D - a +0 hand axe of flaming
 G - the +8 hand axe of Tartarus {freeze, rElec Str+2}
   (You found it in a bailey)

   It freezes those it strikes, dealing additional cold damage.
   It can also slow down cold-blooded creatures.
   Str:       It affects your strength (+2).
   rElec:     It insulates you from electricity.
Missiles
 b - 24 poisoned darts (quivered)
 v - 23 boomerangs
 A - 6 datura-tipped darts
Armour
 h - a +0 pair of gloves (worn)
 j - a +0 hat (worn)
 o - an orb of light (worn)
 z - a +0 cloak (worn)
 B - the +0 leather armour of Usoc Qim (worn) {Dex+4}
   (You bought it in a shop on level 8 of the Dungeon)

   Dex:       It affects your dexterity (+4).
 H - the +7 chain mail "Hyqiot" {Harm Fly Int+3}
   (You took it off a gnoll in a bailey)

   Int:       It affects your intelligence (+3).
   Fly:       It grants you flight.
   Harm:      It increases damage dealt and taken.
Jewellery
 i - a ring of willpower
 k - an amulet of the acrobat (around neck)
 t - a +6 ring of dexterity (right hand)
 y - a ring of fire (left hand)
 E - a ring of flight
Wands
 e - a wand of polymorph (6)
 q - a wand of charming (10)
Scrolls
 c - a scroll of amnesia
 d - 4 scrolls of vulnerability
 f - a scroll of enchant armour
 g - 4 scrolls of noise
 l - 3 scrolls of enchant weapon
 m - 3 scrolls of butterflies
 n - 2 scrolls of poison
 p - 3 scrolls of teleportation
 r - 5 scrolls of identify
 u - a scroll of immolation {unknown}
 w - a scroll of summoning {unknown}
 x - a scroll of magic mapping {unknown}
Potions
 F - 4 potions of flight


   Skills:
 * Level 13.6 Long Blades
 - Level 1.5 Throwing
 - Level 1.0 Dodging
 - Level 1.3 Spellcasting
 - Level 1.5 Translocations
 + Level 5.3 Invocations
 - Level 1.0 Evocations


You had 11 spell levels left.
You knew the following spells:

 Your Spells              Type           Power      Damage    Failure   Level
a - Apportation           Tloc           6%         N/A       22%         1

Your spell library contained the following spells:

 Spells                   Type           Power      Damage    Failure   Level
 Cigotuvi's Dreadful Rot  Necr/Pois/Air  2%         N/A       54%         2
 Poisonous Vapours        Pois/Air       0%         N/A       54%         2
 Static Discharge         Conj/Air       0%         2-2/arc   54%         2
 Gell's Gravitas          Tloc           3%         N/A       56%         3
 Vhi's Electric Charge    Tloc/Air       4%         N/A       67%         3
 Ignite Poison            Fire/Tmut/Pois 1%         N/A       77%         3
 Inner Flame              Hex/Fire       1%         N/A       77%         3
 Mephitic Cloud           Conj/Pois/Air  0%         N/A       77%         3
 Cause Fear               Hex            0%         N/A       99%         4
 Olgreb's Toxic Radiance  Pois           0%         N/A       99%         4
 Sticky Flame             Conj/Fire      1%         2d3       99%         4
 Arcjolt                  Conj/Air       0%         1d10      100%        5
 Lightning Bolt           Conj/Air       0%         1d11      100%        5
 Ozocubu's Refrigeration  Ice            0%         4d7       100%        7
 Discord                  Hex            0%         N/A       100%        8
 Ignition                 Fire           0%         3d3       100%        8
 Summon Small Mammal      Summ           Unusable   N/A       N/A         1
 Call Canine Familiar     Summ           Unusable   N/A       N/A         3
 Summon Guardian Golem    Hex/Summ       Unusable   N/A       N/A         3

Dungeon Overview and Level Annotations

Branches:
Dungeon (11/15)            Temple (1/1) D:7            Lair (0/5) D:8
Ossuary (visited)          Bailey (visited)
    Orc: D:9-12

Altars:
Cheibriados
Dithmenos
Hepliaklqana
Makhleb
Okawaru
Qazlal
Ru
Sif Muna
Trog
Uskayaw
Vehumet

Shops:
D:4 (   D:6 (*   D:8 [   D:10 :

Annotations:
D:2 Robin
D:5 3 runed translucent doors, billz999's ghost, novice GnHu; sirJeffrey23's ghost, novice FoFi
D:6 exclusion: upstairs
D:7 exclusion: downstairs
D:10 2 runed translucent doors


Innate Abilities, Weirdness & Mutations

You are immune to poison.
Your flesh is cold resistant. (rC+)
You are immune to negative energy. (rN+++)
You are immune to unholy pain and torment.
You are vulnerable to heat. (rF-)
You are in touch with the powers of death.
You do not drink.
You have a special connection with the divine. (Faith)


Message History

You hit the yak.
The yak is lightly wounded.
You hit the yak but do no damage.
The yak is lightly wounded.
The yak gores you!
You slash the yak!
The yak is moderately wounded.
The yak gores you.
You slash the yak!
The yak is heavily wounded.
You slash the yak!
The yak is almost dead.
The yak gores you but does no damage.
You hit the yak.
The yak is almost dead.
The yak closely misses you.
You hit the yak.
You kill the yak!
Okawaru accepts your kill. The yak completely misses you.
You see here a yak corpse.
You hit the yak.
The yak is lightly wounded.
The yak closely misses you.
You slash the yak!
The yak is moderately wounded.
The yak gores you!
You hit the yak.
The yak is heavily wounded.
The yak gores you!
You slash the yak!
The yak is severely wounded.
The yak gores you!
* * * LOW HITPOINT WARNING * * *
You hit the yak.
The yak is almost dead.
You barely miss the yak.
The yak is almost dead.
The yak gores you!
You die...

#........ #....# #>#
#....#### #....#####.#
...#.# #..........#
##########'# ### #.. ....
#.. ..... #..
......#####################
......'..Y@................
......#.<##################
#........#..# #........#..#
#........#..# #........#..#
#........+... #......Y.#...
#..Y.....#


You could see a yak.

Vanquished Creatures
  Erica (D:9)
  2 two-headed ogres (D:10)
  An orc knight (Bailey)
  A hornet (D:8)
  Prince Ribbit (D:9)
  A wraith (D:9)
  Sigmund (D:5)
  11 yaks
  Menkaure (Ossuary)
  2 water moccasins
  2 orc warriors (Bailey)
  A sky beast (D:7)
  A black bear (D:7)
  6 centaurs
  2 ogres
  2 phantoms
  4 bullfrogs
  A gnoll sergeant (D:9)
  5 necrophages
  A scorpion (D:5)
  7 wights
  6 killer bees
  An orc priest (D:8)
  3 hounds
  4 jellies
  A gnoll bouda (D:5)
  Jessica (D:2)
  An iguana (D:4)
  Natasha (thrice) (D:2)
  3 orc wizards
  3 mummies (Ossuary)
  14 gnolls
  5 adders
  A shadow imp (D:7)
  A white imp (D:6)
  An ufetubus (D:5)
  An adder skeleton (D:2)
  3 worms
  3 dart slugs
  30 orcs
  5 bats
  2 bat zombies (D:2)
  6 endoplasms
  2 giant cockroaches
  A gnoll zombie (Ossuary)
  12 goblins
  16 hobgoblins
  21 kobolds
  6 quokkas
  4 ball pythons
  A ball python zombie (D:2)
  A frilled lizard (D:1)
  8 gnoll skeletons (Ossuary)
  6 goblin zombies (Ossuary)
  4 hobgoblin skeletons (Ossuary)
  A hobgoblin zombie (Ossuary)
  4 kobold skeletons (Ossuary)
  5 kobold zombies (Ossuary)
  4 orc skeletons (Ossuary)
  5 orc zombies (Ossuary)
  8 rats
  5 rat skeletons (Ossuary)
  7 rat zombies (Ossuary)
273 creatures vanquished.

Vanquished Creatures (others)
  2 gnolls (D:9)
  An orc (Bailey)
  2 kobolds (Bailey)
  A withered plant (D:2)
6 creatures vanquished.

Grand Total: 279 creatures vanquished

Notes
Turn   | Place    | Note
-------+----------+-------------------------------------------
     0 | D:1      | ragingrage the Mummy Wanderer began the quest for the Orb.
     0 | D:1      | ragingrage set off with the following items: a +2 falchion,
                  | 8 poisoned darts, a +0 dagger, a scroll of vulnerability, a
                  | +0 leather armour; and the following spell memorised:
                  | Apportation; and the following spells available to
                  | memorise: Gell's Gravitas.
     0 | D:1      | Reached XP level 1. HP: 13/13 MP: 2/2
   109 | D:1      | Reached skill level 3 in Long Blades
   109 | D:1      | Reached XP level 2. HP: 18/19 MP: 4/4
   347 | D:2      | Noticed Natasha
   352 | D:2      | Killed Natasha
   353 | D:2      | Gained mutation: You are in touch with the powers of death.
                  | [Mummy growth]
   353 | D:2      | Reached XP level 3. HP: 12/24 MP: 5/5
   569 | D:2      | Noticed Jessica
   575 | D:2      | Killed Jessica
   576 | D:2      | Reached skill level 4 in Long Blades
   576 | D:2      | Reached XP level 4. HP: 30/30 MP: 6/6
   672 | D:2      | Noticed Natasha
   682 | D:2      | Killed Natasha
   761 | D:2      | Noticed Natasha
   768 | D:2      | Killed Natasha
   775 | D:2      | Found a faded altar of an unknown god.
   784 | D:2      | Reached XP level 5. HP: 25/35 MP: 7/7
  1146 | D:2      | Noticed Robin
  1171 | D:3      | Reached skill level 5 in Long Blades
  2589 | D:4      | Noticed a phantom
  2700 | D:4      | Reached XP level 6. HP: 37/41 MP: 8/8
  2761 | D:4      | Found Ciaczar's Antique Weapon Boutique.
  2769 | D:4      | Bought a runed long sword for 162 gold pieces
  2785 | D:4      | Reached skill level 6 in Long Blades
  3252 | D:5      | Entered Level 5 of the Dungeon
  3428 | D:5      | Reached XP level 7. HP: 44/46 MP: 9/9
  3489 | D:5      | Reached skill level 7 in Long Blades
  3738 | D:5      | Found a bloodstained altar of Trog.
  3864 | D:5      | Found a runed translucent gate.
  3865 | D:5      | Found a runed translucent gate.
  3865 | D:5      | Found a runed translucent gate.
  3866 | D:5      | Noticed billz999's ghost (novice GnHu)
  3867 | D:5      | Noticed sirJeffrey23's ghost (novice FoFi)
  4264 | D:6      | Found Naeviyr's Jewellery Shop.
  4317 | D:6      | Reached skill level 8 in Long Blades
  4354 | D:6      | Found Quosy's Antique Weapon Shoppe.
  4395 | D:6      | Found a sand-covered staircase.
  4401 | Ossuary  | Entered an ossuary
  4704 | Ossuary  | Noticed Menkaure
  4710 | Ossuary  | Killed Menkaure
  4711 | Ossuary  | Reached XP level 8. HP: 32/52 MP: 10/10
  4900 | D:6      | Reached skill level 9 in Long Blades
  5588 | D:5      | Noticed Sigmund
  5641 | D:6      | Found Atzec's Fire Supplies.
  5818 | D:6      | Reached skill level 10 in Long Blades
  5946 | D:7      | Reached XP level 9. HP: 22/57 MP: 11/11
  6201 | D:7      | Found a radiant altar of Vehumet.
  6242 | D:7      | Found a staircase to the Ecumenical Temple.
  6272 | Temple   | Entered the Ecumenical Temple
  6316 | Temple   | Became a worshipper of Warmaster Okawaru
  6463 | D:7      | Found a faded altar of an unknown god.
  6471 | D:7      | Found a faded altar of an unknown god.
  6473 | D:7      | Found a burning altar of Makhleb.
  6475 | D:7      | Found a hazy altar of Hepliaklqana.
  6799 | D:5      | Reached skill level 11 in Long Blades
  6819 | D:5      | Killed Sigmund
  7420 | D:8      | Found Fananlu's Antique Armour Boutique.
  7472 | D:8      | Bought a masterwork leather armour for 231 gold pieces
  7472 | D:8      | Identified the +0 leather armour of Usoc Qim {Dex+4} (You
                  | bought it in a shop on level 8 of the Dungeon)
  7523 | D:8      | Noticed a death yak
  7533 | D:8      | Reached * piety under Okawaru
  7983 | D:8      | Found a staircase to the Lair.
  7986 | D:8      | Noticed a death yak
  8005 | D:8      | Noticed a death yak
  8165 | D:8      | Reached skill level 12 in Long Blades
  8262 | D:9      | Reached skill level 1 in Invocations
  8304 | D:9      | Found a hide-covered altar of Uskayaw.
  8310 | D:9      | Noticed Prince Ribbit
  8317 | D:9      | Killed Prince Ribbit
  8661 | D:9      | Reached XP level 10. HP: 47/63 MP: 12/12
  8771 | D:9      | Noticed Erica
  8782 | D:9      | Killed Erica
  8782 | D:9      | Reached ** piety under Okawaru
  9129 | D:9      | Identified a scroll of acquirement
  9131 | D:9      | Acquired 1141 gold pieces
  9552 | D:10     | Entered Level 10 of the Dungeon
  9570 | D:10     | Noticed a fire dragon
  9571 | D:10     | Found a runed translucent door.
  9571 | D:10     | Noticed a fire dragon
  9571 | D:10     | Noticed an ice dragon
  9571 | D:10     | Noticed an ice dragon
  9572 | D:10     | Found the +2 shield of Resistance {rF++ rC++ Will++}
  9584 | D:10     | Found a runed translucent door.
  9700 | D:10     | Found a flagged portal.
  9749 | Bailey   | Entered a bailey
  9846 | Bailey   | Noticed an orc knight
  9936 | Bailey   | Identified the +7 chain mail "Hyqiot" {Harm Fly Int+3}
  9938 | Bailey   | Killed an orc knight
 10213 | Bailey   | Identified the +8 hand axe of Tartarus {freeze, rElec
                  | Str+2}
 10519 | D:10     | Noticed a two-headed ogre
 10527 | D:10     | Killed a two-headed ogre
 10527 | D:10     | Reached *** piety under Okawaru
 10528 | D:10     | Reached skill level 13 in Long Blades
 10638 | D:10     | Found Ihotiownoho's Tremendous Tomes.
 10960 | D:10     | Noticed a two-headed ogre
 10968 | D:10     | Killed a two-headed ogre
 10968 | D:10     | Reached **** piety under Okawaru
 10969 | D:10     | Reached skill level 5 in Invocations
 11114 | D:10     | Reached XP level 11. HP: 58/68 MP: 14/14
 11400 | D:11     | Slain by a yak

Illustrated notes

Levels and vault maps discovered:
D:1:      wander_arrival_peaceful_grave, layout_loops_ring, st_stairs_2
D:2:      minmay_angry_zag, layout_basic, serial_undead, serial_undead_c,
          serial_undead_d, serial_undead_e, serial_undead_a,
          dreamdust_ecumenical_altar_angels_and_demons, uniq_robin,
          uniq_natasha, uniq_jessica
D:3:      layout_rooms, old_standard_altar
D:4:      kb_forest_paths, layout_rooms, serial_shops, shop,
          minmay_misc_feat_enclosed
D:5:      layout_gridville, mainiacjoe_overflow_alcove_1,
          gammafunk_ghost_cemetery, uniq_sigmund
D:6:      layout_basic, enter_ossuary_2, serial_shops, nicolae_shop_trees,
          nicolae_lakefront_shop, corner_web_ring, nicolae_shop_fire_sale
          [nicolae_sub_dead_trees]
D:7:      layout_basic, chequers_temple_overflow_minitemple,
          kennysheep_little_box, minmay_temple_entry_hall
D:8:      layout_gridville, dpeg_lair_monsters, serial_shops, shop
D:9:      layout_stronghold, amcnicky_altar_gilded, uniq_erica,
          uniq_prince_ribbit1
D:10:     layout_roguey, enter_bailey_2, nicolae_shop_i_like_big_books,
          minmay_guarded_unrand_resistance
D:11:     layout_stronghold
Temple:   nicolae_temple_bog_church

Skill      XL: |  1  2  3  4  5  6  7  8  9 10 |
---------------+-------------------------------+-----
Long Blades    | 3 4 5 6 8 10 12 13 | 13.6
Invocations    | 2 5 |  5.3
Throwing       | |  1.5
Dodging        | |  1.0
Spellcasting   | |  1.3
Translocations | |  1.5
Evocations     | |  1.0

Action                   |  1- 3 |  4- 6 |  7- 9 | 10-12 || total
-------------------------+-------+-------+-------+-------++-------
Melee: Falchion          |    70 |   147 |       |       ||   217
       Punch             |       |     1 |       |       ||     1
       Long sword        |       |    31 |   292 |   138 ||   461
Throw: Dart              |       |       |    28 |    32 ||    60
       Boomerang         |       |       |       |    18 ||    18
Invok: Heroism           |       |       |     2 |     3 ||     5
Evoke: Wand              |       |       |     1 |       ||     1
  Use: Scroll            |       |     2 |     5 |     4 ||    11
 Stab: Distracted        |     1 |       |       |       ||     1
       Sleeping          |       |     1 |       |       ||     1
Armor: Leather armour    |    17 |    59 |    58 |    10 ||   144
Dodge: Dodged            |    41 |   119 |   180 |    91 ||   431

Table legend: (Time is in decaauts)
 A = Elapsed time spent in this place.
 B = Non-inter-level travel time spent in this place.
 C = Inter-level travel time spent in this place.
 D = Time resting spent in this place.
 E = Time spent auto-exploring this place.
 F = Levels seen in this place.
 G = Mean time per level.
                   A        B        C        D        E       F      G
               +--------+--------+--------+--------+--------+-----+--------+
         Total |  11389 |  10665 |    724 |   2317 |   5666 |  14 |  813.5 |
       Dungeon |  10309 |   9595 |    714 |   2177 |   5284 |  11 |  937.2 |
        Temple |     54 |     44 |     10 |      0 |     37 |   1 |   54.0 |
       Ossuary |    432 |    432 |      0 |     17 |    221 |   1 |  432.0 |
        Bailey |    593 |    593 |      0 |    123 |    124 |   1 |  593.0 |
               +--------+--------+--------+--------+--------+-----+--------+

Top non-repeatable levels by time:
     D:9: 1304 daAuts
     D:2: 1195 daAuts
     D:6: 1152 daAuts
     D:5: 1149 daAuts
     D:7: 1123 daAuts
     D:4: 1022 daAuts
    D:10: 1008 daAuts
     D:3: 743 daAuts
     D:8: 707 daAuts
     D:1: 681 daAuts
  Bailey: 593 daAuts
 Ossuary: 432 daAuts
    D:11: 221 daAuts
  Temple: 54 daAuts
